 Dungeon Crawl Stone Soup version 0.30-a0-381-g6ea064c7b4 (webtiles) character file.

Game seed: 11169564259983480290

198 kae the Changer (level 5, -4/40 HPs)
             Began as a Draconian Transmuter on Dec 1, 2022.
             Slain by a gnoll
             ... wielding a +0 spear
             ... led by a gnoll bouda
              (9 damage)
             ... on level 4 of the Dungeon.
             The game lasted 00:03:03 (2831 turns).

kae the Changer (Draconian Transmuter)              Turns: 2831, Time: 00:03:03

Health: -4/40      AC:  2    Str: 12    XL:     5   Next: 47%
Magic:  5/9        EV: 19    Int: 16    God:
Gold:   172        SH:  0    Dex: 16    Spells: 3/9 levels left

rFire   . . .      SeeInvis .      - Unarmed
rCold   . . .      Faith    .    (shield currently unavailable)
rNeg    . . .      Spirit   .    (body armour unavailable)
rPois   x          Reflect  .    (helmet currently unavailable)
rElec   .          Harm     .    (cloak currently unavailable)
rCorr   .          Rampage  .    (gloves currently unavailable)
Will    .....                    (boots currently unavailable)
Stlth   +.........               (no amulet)
HPRegen 0.26/turn                (no ring)
MPRegen 0.11/turn                (no ring)

@: spider-form (expiring), wereblooded
A: venomous fangs, AC +5, tiny, unfitting armour, (cold-blooded)
a: End Transformation


You were on level 4 of the Dungeon.
You were a venomous arachnid creature.
You visited 1 branch of the dungeon, and saw 4 of its levels.

You collected 172 gold pieces.


Innate Abilities, Weirdness & Mutations

You are a venomous arachnid creature.
You have poisonous fangs.
You are tiny and dextrous.
Your spellcasting is less reliable in this form.
Your armour is entirely melded.
You are incapable of wielding weapons or throwing items.
((Your plain brown scales are hard. (AC +5)))
You cannot fit into any form of body armour.
((You are cold-blooded and may be slowed by cold attacks.))


   Skills:
 - Level 1.1 Fighting
 - Level 1.7 Dodging
 + Level 3.8 Unarmed Combat
 + Level 2.9 Spellcasting
 * Level 3.9 Transmutations
 - Level 2.1 Poison Magic


You had 3 spell levels left.
You knew the following spells:

 Your Spells              Type           Power      Damage    Failure   Level
a - Beastly Appendage     Tmut           30%        N/A       12%         1
b - Wereblood             Tmut           15%        N/A       16%         2
c - Spider Form           Tmut/Pois      12%        N/A       34%         3

Your spell library contained the following spells:

 Spells                   Type           Power      Damage    Failure   Level
 Gell's Gravitas          Tloc           2%         N/A       71%         3
 Teleport Other           Tloc           2%         N/A       71%         3
 Ice Form                 Ice/Tmut       8%         N/A       82%         4
 Dispersal                Tloc           1%         N/A       100%        6

Inventory:

Missiles
 e - 29 stones
 m - a boomerang
Wands
 j - a wand of flame (12)
   (You took it off a goblin on level 2 of the Dungeon)
Scrolls
 h - a scroll of torment {unknown}
 k - a scroll of butterflies {unknown}
 l - a scroll of brand weapon {unknown}
 o - a scroll of blinking {unknown}
Potions
 a - a potion of lignification {!q}
 b - 2 potions of flight {unknown}
 c - 2 potions of might {unknown}
 d - 2 potions of curing {unknown}
 f - 3 potions of mutation {unknown}
 g - a potion of haste {unknown}
 i - a potion of degeneration {!q}
 n - a potion of ambrosia {unknown}

Dungeon Overview and Level Annotations

Branches:
Dungeon (4/15) Zot: 21180
 Temple: D:4-7

Altars:

#.# #.# #.#
#.# #g# #g#
#g#
#.########s#
.......<...#
#.##########


You could see a gnoll bouda (extremely poisoned) and 2 gnolls.


Message History

A dart slug is nearby!
You hit the dart slug. The dart slug launches a dart at you.
The slug dart misses you.
You barely miss the dart slug. The dart slug barely misses you.
A dart slug is nearby!
You hit the dart slug. You hit the dart slug.
The dart slug closely misses you. 😕 HP[+1]
A dart slug is nearby!
You hit the dart slug.
You kill the dart slug!
No target in view!
Things that are here:
a +0 dagger; a goblin corpse Key pressed, stopping explore.
No target in view!
No target in view! 😎 HP[+3]
Your hp is fully restored (40).
Things that are here:
a +0 short sword; a kobold skeleton
o - a scroll labelled WOSHRUL ALLAD No target in view!
No target in view!
Key pressed, stopping explore.
There is a stone staircase leading down here.
You see here a +0 short sword.
Found a stone staircase leading up.
You now have 172 gold pieces (gained 15).
You open the door.
There is an open door here.
You open the door.
There is an open door here.
Done exploring.
Done exploring.
Done exploring.
Done exploring.
(D) Dungeon
Where to? (Enter - D:3, ? - help)
There is a stone staircase leading down here.
You climb downwards.
There is a stone staircase leading up here.
Okay, then.
A gnoll bouda and a gnoll come into view.
The gnoll shouts!
You hear a shout!
A gnoll comes into view. It is wielding a +0 spear.
There are monsters nearby!
There are monsters nearby!
There are monsters nearby!
Okay, then.
A gnoll comes into view. It is wielding a +0 whip.
Casting: Beastly Appendage (safe; 3% risk of failure)
Confirm with . or Enter, or press ? or * to list all spells.
You turn into a venomous arachnid creature.
The gnoll bouda shouts!
The gnoll hits you with a +0 flail.
The gnoll hits you with a +0 flail. 😮 HP[-10] MP[-3]
You take 10 damage, and now have 30/40 hp.
MASSIVE DAMAGE!! (PAUSE)
You lost 3 mp, and now have 6/9 mp.
You hit the gnoll.
The gnoll is poisoned.
The gnoll misses you.
The gnoll bouda barks out a call to the hunt!
The gnolls pick up the pace!
You completely miss the gnoll. The gnoll misses you.
Casting: Spider Form (quite dangerous; 34% risk of failure)
Confirm with . or Enter, or press ? or * to list all spells.
Your blood is infused with primal strength.
The gnoll misses you. The gnoll completely misses you.
The gnoll barely misses you.
The gnoll hits you from afar with a +0 spear. 😮 HP[-5] MP[-2]
You take 5 damage, and now have 25/40 hp.
You lost 2 mp, and now have 4/9 mp.
You hit the gnoll but do no damage.
The gnoll looks as sick as possible!
The gnoll barely misses you.
You barely miss the gnoll. The gnoll closely misses you.
You hit the gnoll. 😮 MP[+1]
You hit the gnoll bouda.
The gnoll bouda is poisoned.
You kill the gnoll! 😮 HP[+1] Unknown command.
You barely miss the gnoll bouda.
The gnoll bouda hits you with a +0 whip.
The gnoll hits you from afar with a +0 spear!
* * * LOW HITPOINT WARNING * * *
😨 HP[-9]
You take 9 damage, and now have 17/40 hp.
MASSIVE DAMAGE!! (PAUSE)
You hit the gnoll bouda.
The gnoll bouda looks as sick as possible!
The gnoll bouda completely misses you. The gnoll hits you but does no damage.
You hit the gnoll bouda.
Your transformation is almost over.
The gnoll bouda hits you with a +0 whip!
* * * LOW HITPOINT WARNING * * *
The gnoll hits you from afar with a +0 spear!
You die...

Skill      XL: |  1  2  3  4  5 |
---------------+----------------+-----
Transmutations | 3 |  3.9
Poison Magic   | 1 2 |  2.1
Fighting       | |  1.1
Dodging        | |  1.7
Unarmed Combat | |  3.8
Spellcasting   | |  2.9

Action                   |  1- 3 |  4- 6 || total
-------------------------+-------+-------++-------
Melee: Unarmed           |    94 |   122 ||   216
       Kick              |    15 |    15 ||    30
       Tailslap          |     4 |    12 ||    16
       Headbutt          |     8 |     7 ||    15
       Punch             |       |     1 ||     1
 Cast: Beastly Appendage |    17 |    19 ||    36
       Spider Form       |     2 |     5 ||     7
       Wereblood         |       |     1 ||     1
  Use: Scroll            |     1 |     1 ||     2
Armor: Skin              |    22 |    31 ||    53
Dodge: Dodged            |    54 |    80 ||   134

Levels and vault maps discovered:
D:1:      minmay_arrival_arboretum_large, layout_basic,
          shapermc_ecumenical_altar_venn, nicolae_wormholes
D:2:      layout_loops_corners, minmay_statues_item, uniq_jessica
D:3:      layout_basic
D:4:      layout_loops_ring, kennysheep_generic_room_7, uniq_robin

Notes
Turn   | Place    | Note
-------+----------+-------------------------------------------
     0 | D:1      | kae the Draconian Transmuter began the quest for the Orb.
     0 | D:1      | Reached XP level 1. HP: 16/16 MP: 3/3
     0 | D:1      | magus.rc [v1.11.3]
    42 | D:1      | Reached XP level 2. HP: 11/23 MP: 0/5
   330 | D:1      | Learned a level 2 spell: Wereblood
   371 | D:1      | Reached XP level 3. HP: 28/28 MP: 4/6
   381 | D:1      | Learned a level 3 spell: Spider Form
   417 | D:1      | Found a faded altar of an unknown god.
   468 | D:1      | Reached skill level 3 in Transmutations
   524 | D:1      | You add the spells Gell's Gravitas, Teleport Other and
                  | Dispersal to your library.
   542 | D:1      | Reached skill level 1 in Poison Magic
   773 | D:2      | Reached XP level 4. HP: 35/35 MP: 7/7
  1289 | D:2      | Noticed Jessica
  1294 | D:2      | Killed Jessica
  1546 | D:2      | Reached XP level 5. HP: 40/40 MP: 9/9
  2234 | D:3      | Reached skill level 2 in Poison Magic
  2831 | D:4      | HP: 5/40 [gnoll bouda/+0 whip (12)]
  2831 | D:4      | Slain by a gnoll

Vanquished Creatures
  Jessica (D:2)
  An orc wizard (D:3)
  3 gnolls
  2 adders (D:2)
  4 worms
  5 dart slugs
  2 orcs (D:3)
  6 bats
  3 endoplasms
  2 giant cockroaches (D:2)
  12 goblins
  8 hobgoblins
  3 jackals (D:2)
  4 kobolds
  3 quokkas
  6 ball pythons
  3 frilled lizards
  8 rats
76 creatures vanquished.

Table legend:
 A = Non-vault XP
 B = Vault XP
 C = Vault XP percentage of total XP
 D = Non-vault monster count
 E = Vault monster count
 F = Vault count percentage of total count
                 A         B        C        D         E       F
            +---------+---------+-------+---------+---------+-------
      Total |     242 |      42 |  14.8 |      74 |       2 |   2.6
            +---------+---------+-------+---------+---------+-------
        D:1 |      78 |       5 |   6.0 |      31 |       1 |   3.1
        D:2 |      81 |      37 |  31.4 |      26 |       1 |   3.7
        D:3 |      68 |       0 |   0.0 |      16 |       0 |   0.0
        D:4 |      15 |       0 |   0.0 |       1 |       0 |   0.0
            +---------+---------+-------+---------+---------+-------

Illustrated notes

Table legend:
 A = Kills in this place as a percentage of kills in entire the game.
 B = Kills by you in this place as a percentage of kills by you in the entire game.
 C = Kills by friends in this place as a percentage of kills by friends in the entire game.
 D = Other kills in this place as a percentage of other kills in the entire game.
 E = Experience gained in this place as a percentage of experience gained in the entire game.
 F = Experience gained in this place divided by the number of levels of this place that you have seen.
                   A       B       C       D       E      F
               +-------+-------+-------+-------+-------+----------------------
         Total | 100.0 | 100.0 |   N/A |   N/A | 100.0 |  71.0
       Dungeon | 100.0 | 100.0 |   N/A |   N/A | 100.0 |  71.0
               +-------+-------+-------+-------+-------+----------------------

Table legend: (Time is in decaauts)
 A = Elapsed time spent in this place.
 B = Non-inter-level travel time spent in this place.
 C = Inter-level travel time spent in this place.
 D = Time resting spent in this place.
 E = Time spent auto-exploring this place.
 F = Levels seen in this place.
 G = Mean time per level.
                   A        B        C        D        E       F      G
               +--------+--------+--------+--------+--------+-----+--------+
         Total |   2819 |   2748 |     71 |      5 |   2231 |   4 |  704.8 |
       Dungeon |   2819 |   2748 |     71 |      5 |   2231 |   4 |  704.8 |
               +--------+--------+--------+--------+--------+-----+--------+

Top non-repeatable levels by time:
     D:2: 1093 daAuts
     D:3: 1026 daAuts
     D:1: 683 daAuts
     D:4: 15 daAuts
